 Dungeon Crawl Stone Soup version 0.16-a0-3186-gb3d5106 (webtiles) character file.

614 superterranean the Grappler (level 7, -21/72 HPs)
             Began as a Troll Monk on Dec 19, 2014.
             Was a Believer of Wulndraste.
             Demolished by an orc warrior
             ... wielding a +2 dire flail of protection
              (29 damage)
             ... on level 6 of the Dungeon.
             The game lasted 00:15:55 (4406 turns).

superterranean the Grappler (Troll Monk)            Turns: 4406, Time: 00:15:55

Health: -21/72     AC:  5    Str: 23    XL:     7   Next: 20%
Magic:  0/3        EV: 10    Int:  7    God:    Wulndraste [**....]
Gold:   375        SH:  0    Dex: 14    Spells: 0 memorised, 6 levels left

rFire  . . .     SeeInvis .       - Unarmed
rCold  + + .     Clarity  .     a - +0 robe
rNeg   . . .     SustAb   .     (shield restricted)
rPois  .         Gourm    +     (helmet restricted)
rElec  .         Spirit   +     (no cloak)
rCorr  .         Warding  .     (gloves unavailable)
rMut   .         Stasis   .     (boots unavailable)
MR     .....                    y - amulet of Smuof {Spirit rC++ Str+3 Stlth--}
Stlth  +.........               H - +1 ring of intelligence (curse)
                                d - ring of stealth

@: about to teleport, not resistant to hostile enchantments, very unstealthy
A: unfitting armour, claws 3, fast metabolism 3, gourmand, regeneration 2,
shaggy fur 1, tough skin 2
a: Blend In, Renounce Religion


You were on level 6 of the Dungeon.
You worshipped Wulndraste.
Wulndraste was pleased with you.
You were full.

You visited 2 branches of the dungeon, and saw 7 of its levels.

You collected 375 gold pieces.

Inventory:

Missiles
 D - 6 large rocks (quivered)
Armour
 a - a +0 robe (worn)
Jewellery
 d - a ring of stealth (left claw)
 y - the amulet of Smuof (around neck) {Spirit rC++ Str+3 Stlth--}
   (You took it off a goblin on level 4 of the Dungeon)

   [amulet of guardian spirit]

   It causes incoming damage to be split between your health and magic.
   It affects your strength (+3).
   It greatly protects you from cold.
   It makes you much less stealthy.
 H - a cursed +1 ring of intelligence (right claw)
Magical devices
 k - a wand of teleportation (5)
Scrolls
 g - 5 scrolls of identify {unknown}
 j - 3 scrolls of blinking {unknown}
 l - a scroll of enchant armour {unknown}
 n - a scroll of recharging {unknown}
 o - 5 scrolls of teleportation {unknown}
 q - a scroll of enchant weapon {unknown}
 v - 4 scrolls of remove curse {unknown}
 w - a scroll of amnesia {unknown}
 x - 2 scrolls of noise {unknown}
 B - a scroll of random uselessness {unknown}
 E - a scroll of magic mapping {unknown}
 G - a scroll of fear {unknown}
 I - a scroll of immolation {unknown}
Potions
 c - a potion of magic {unknown}
 e - 3 potions of brilliance {unknown}
 h - 3 potions of curing {unknown}
 i - a potion of agility {unknown}
 m - a potion of poison {unknown}
 p - 2 potions of haste {unknown}
 r - a potion of restore abilities {unknown}
 u - 2 potions of heal wounds {unknown}
 z - 2 potions of cancellation {unknown}
 A - a potion of berserk rage {unknown}
 C - 2 potions of flight {unknown}
Books
 s - a book of Death

   Spells                             Type                      Level
   a - Corpse Rot                     Necromancy                   2
   b - Sublimation of Blood           Necromancy                   2
   c - Agony                          Necromancy                   5
   d - Dispel Undead                  Necromancy                   5
   e - Excruciating Wounds            Charms/Necromancy            5
   f - Bolt of Draining               Conjuration/Necromancy       5
Comestibles
 b - 6 meat rations
 f - 3 beef jerkies
 t - 3 bread rations
 F - a royal jelly


   Skills:
 - Level 2.4 Fighting
 - Level 2.4 Dodging
 - Level 1.1 Stealth
 + Level 8.8 Unarmed Combat


You had 6 spell levels left.
You didn't know any spells.

Dungeon Overview and Level Annotations

Branches:
Dungeon (6/15)             Temple (1/1) D:4

Altars:
Cheibriados
Dithmenos
Elyvilon
Fedhas
Kikubaaqudgha
Makhleb
Nemelex Xobeh
Okawaru
Qazlal
Ru
Sif Muna
Trog Wulndraste
Xom
Yredelemnul
Zin
The Shining One

Shops:
D:4 %


Innate Abilities, Weirdness & Mutations

You are too large for most types of armour.
You have claws for hands.
Your metabolism is lightning-fast.
You like to eat raw meat.
You heal very quickly.
You are covered in fur (AC +1).
You have very tough skin (AC +2).


Message History

The orc warrior is severely wounded.
The orc priest calls upon Beogh to heal the orc warrior.
The orc warrior is healed somewhat.
The orc priest looks braver.
The orc warrior hits you with a dire flail of protection!
* * * LOW HITPOINT WARNING * * *
Evoke which item? (* to show all) (? for menu, Esc to quit)
Zapping:
k - a wand of teleportation (will waste charges)
Press: ? - help, Shift-Dir - straight line, f - you You feel strangely unstable.
Evoking this partially-identified wand wasted a few charges.
The orc priest invokes the aid of Beogh against you.
Something smites you!
* * * LOW HITPOINT WARNING * * *
The orc priest calls down the wrath of Beogh upon you.
Something smites you!
* * * LOW HITPOINT WARNING * * *
Unknown command.
The orc warrior hits you with a dire flail of protection!!
You die...

#.# ###.##
##.....
.....## ..o..
# .o. #.#)#
#.#.####.#
#...o@...#
###.######
#.# #.# #.#
#.# ##### #.#
##...## #.#
##.....##
###### ##.##
#####.....[.#


You could see an orc warrior (bleeding).

Vanquished Creatures
  3 crimson imps
  An orc wizard (D:3)
  An iguana (D:5)
  4 orc priests
  A worker ant (D:5)
  Natasha (twice) (D:5)
  A hound skeleton (D:5)
  3 gnolls (D:2)
  11 adders
  A shadow imp (D:5)
  A giant mite (D:4)
  2 worms (D:3)
  An adder zombie (D:6)
  2 giant geckos
  An ooze (D:4)
  17 orcs
  7 bats
  2 bat skeletons (D:4)
  5 giant cockroaches
  9 goblins
  5 hobgoblins
  10 jackals
  4 ball pythons
  A giant gecko skeleton (D:5)
  4 giant newts
  12 kobolds
  11 rats
  A fungus (D:1)
123 creatures vanquished.

Vanquished Creatures (others)
  An orc (D:6)
1 creature vanquished.

Grand Total: 124 creatures vanquished

Notes
Turn   | Place    | Note
--------------------------------------------------------------
     0 | D:1      | superterranean, the Troll Monk, began the quest for the Orb.
     0 | D:1      | Reached XP level 1. HP: 22/22 MP: 1/1
   265 | D:1      | Reached XP level 2. HP: 29/29 MP: 1/1
   944 | D:2      | Found a stormy altar of Qazlal.
  1108 | D:2      | Reached skill level 5 in Unarmed Combat
  1108 | D:2      | Reached XP level 3. HP: 36/36 MP: 2/2
  1295 | D:2      | Reached XP level 4. HP: 36/44 MP: 2/2
  1578 | D:3      | Reached skill level 6 in Unarmed Combat
  1706 | D:3      | Reached XP level 5. HP: 37/50 MP: 2/2
  1912 | D:3      | Found a white marble altar of Elyvilon.
  2315 | D:4      | Reached skill level 7 in Unarmed Combat
  2327 | D:4      | Reached XP level 6. HP: 34/59 MP: 3/3
  2396 | D:4      | Found Houdiu's Food Boutique.
  2420 | D:4      | Got a vibrating lead amulet
  2671 | D:4      | Found a staircase to the Ecumenical Temple.
  2794 | Temple   | Entered the Ecumenical Temple
  3658 | D:5      | Entered Level 5 of the Dungeon
  3670 | D:5      | Reached skill level 8 in Unarmed Combat
  3695 | D:5      | Found a flag-altar of Wulndraste.
  3703 | D:5      | Became a worshipper of Wulndraste the Wayfarer
  3703 | D:5      | Acquired Wulndraste's first power
  3703 | D:5      | Acquired Wulndraste's second power
  3799 | D:5      | Found a burning altar of Makhleb.
  3846 | D:5      | Noticed Natasha
  3859 | D:5      | Killed Natasha
  3983 | D:5      | Found a shimmering altar of Xom.
  4029 | D:5      | Reached XP level 7. HP: 72/72 MP: 3/3
  4141 | D:5      | Noticed Natasha
  4150 | D:5      | Killed Natasha
  4292 | D:6      | Identified the amulet of Smuof {Spirit rC++ Str+3 Stlth--} (You took it off a goblin on level 4 of the Dungeon)
  4406 | D:6      | Demolished by an orc warrior

Action                   |  1- 3 |  4- 6 |  7- 9 || total
-------------------------+-------+-------+-------++-------
Melee: Unarmed           |    75 |   194 |    27 ||   296
Evoke: Wand              |       |       |     1 ||     1
 Stab: Sleeping          |     4 |    15 |     2 ||    21
  Eat: Chunk             |    12 |    27 |     4 ||    43
